 Dungeon Crawl Stone Soup version 0.27-a0-1006-g1fd4cec11e (webtiles) character file.

Game seed: 6172445968147054260

875 spiderkeys the Agent of Entropy (level 7, -5/54 (55) HPs)
             Began as a Demonspawn Abyssal Knight on Apr 17, 2021.
             Was a Priest of Lugonu.
             Slain by Prince Ribbit (15 damage)
             ... on level 6 of the Dungeon.
             The game lasted 00:08:31 (6151 turns).

spiderkeys the Agent of Entropy (DsAK)              Turns: 6151, Time: 00:08:32

HP:   -5/54 (55)    AC:  6    Str: 14    XL:     7   Next: 74%
MP:   8/11          EV: 18    Int: 14    God:    Lugonu [***...]
Gold: 296           SH:  0    Dex: 12    Spells: 6/6 levels left

rFire    . . .     SeeInvis +   c - +0 scythe
rCold    . . .     Faith    .   (shield currently unavailable)
rNeg     . . .     Spirit   .   p - +0 ring mail "Xirozy" {SInv}
rPois    .         Reflect  .   (helmet restricted)
rElec    .         Harm     .   y - scarf {+Inv}
rCorr    .         Rampage  .   (no gloves)
Will     .....                  (no boots)
Stlth    +.........             (no amulet)
HPRegen  0.18/turn              E - +4 ring of evasion
MPRegen  0.24/turn              e - +4 ring of evasion

@: on berserk cooldown, lightly drained
A: antennae 2, demonic guardian 1, magic regeneration, sharp scales 1
a: Renounce Religion, Evoke Invisibility, Depart the Abyss, Bend Space, Banish


You were on level 6 of the Dungeon.
You worshipped Lugonu.
Lugonu was most pleased with you.
You visited 1 branch of the dungeon, and saw 6 of its levels.
You visited the Abyss 1 time.

You collected 296 gold pieces.


Innate Abilities, Weirdness & Mutations

You have a pair of antennae on your head.
A weak demonic guardian rushes to your aid.
You regenerate magic rapidly.
You are partially covered in razor-sharp scales. (AC +1, Slay +1)


   Skills:
 + Level 4.9 Fighting
 * Level 5.3 Polearms
 + Level 3.9 Armour
 - Level 1.0 Dodging
 + Level 5.6 Invocations


You had 6 spell levels left.
You didn't know any spells.
Your spell library contained the following spells:

 Spells                   Type           Power      Damage    Failure   Level
 Foxfire                  Conj/Fire      0%         2x1d4     50%         1
 Conjure Flame            Conj/Fire      0%         6-21      86%         3
 Inner Flame              Hex/Fire       0%         N/A       86%         3
 Sticky Flame             Conj/Fire      0%         2d3       99%         4
 Fireball                 Conj/Fire      0%         3d3       100%        5

Inventory:

Hand Weapons
 a - a +1 spear
 c - a +0 scythe (weapon)
   (You found it on level 1 of the Dungeon)
Missiles
 b - 200 stones
 d - 14 poisoned darts
 f - 17 bolts
 i - 143 arrows
 k - 14 boomerangs
 t - 3 boomerangs of dispersal {=f!f}
Armour
 j - a +0 chain mail
   (You found it on level 1 of the Dungeon)
 p - the +0 ring mail "Xirozy" (worn) {SInv}
   (You found it on level 4 of the Dungeon)

   It lets you see invisible.
 y - a scarf of invisibility (worn)
   (You found it on level 5 of the Dungeon)
Jewellery
 e - a +4 ring of evasion (right hand)
   (You found it on level 1 of the Dungeon)
 v - a ring of willpower
   (You found it on level 4 of the Dungeon)
 E - a +4 ring of evasion (left hand)
   (You found it on level 2 of the Abyss)
 N - a ring of positive energy
   (You found it on level 1 of the Dungeon)
Wands
 h - a wand of acid (2)
   (You found it on level 1 of the Dungeon)
 r - a wand of flame (8)
   (You found it on level 5 of the Dungeon)
 x - a wand of charming (10)
   (You found it on level 5 of the Dungeon)
Scrolls
 s - 2 scrolls of teleportation {@r4}
 w - a scroll of enchant armour
 A - a scroll of identify {@r1}
Potions
 g - a potion of cancellation
 m - a potion of attraction {!q}
 n - a potion of brilliance
 o - a potion of magic
 q - a potion of flight {unknown}
 u - a potion of heal wounds {unknown}

Dungeon Overview and Level Annotations

Branches:
Dungeon (6/15)             Temple (0/1) D:5

Altars:
Gozag

Shops:
D:1 *

Annotations:
D:6 Pikel, Prince Ribbit

#.# #.# #.###.# #.#...#
###############.#.###
.............#.#.#
...........>#.#.#
#.........#.#.#.#
##.####.######..#.#.[.#
........@F..#...####..#
##...###5##.#..## #..#
#.. #...#.#..#####..###
#. #............).....
.. #...###..##########
# #........# #.....#
#...####.# #.###.#
##### #.# #.#...# #.#
#.#.###


You could see Prince Ribbit (ally target) and a friendly ufetubus (summoned).


Message History

a +3 scimitar of freezing; a +0 robe
Found a stone staircase leading down.
Prince Ribbit comes into view.
Prince Ribbit gives a loud, deep croak!
Prince Ribbit moves out of view.
You reach to attack!
You barely miss Prince Ribbit.
Prince Ribbit blinks!
You barely miss Prince Ribbit. Prince Ribbit misses you. x2
You completely miss Prince Ribbit. Prince Ribbit hits you!
Prince Ribbit catches a mouse with his tongue.
Prince Ribbit blinks! 😕 HP[-9]
You take 9 damage, and now have 45/54 hp.
Prince Ribbit blinks!
Really quaff
l - a potion of berserk rage {!q}?
A red film seems to cover your vision as you go berserk!
You feel yourself moving faster!
You feel mighty! Prince Ribbit hits you. 😕 HP[+19]
You now have 81 max hp (+27).
You regained 19 hp, and now have 64/81 hp.
You miss Prince Ribbit. Prince Ribbit completely misses you.
Prince Ribbit barely misses you. 😕 HP[+1]
You closely miss Prince Ribbit.
Prince Ribbit hits you but does no damage.
You slash Prince Ribbit!
Prince Ribbit lets out a mournful croak.
Prince Ribbit misses you. Prince Ribbit hits you. 😕 HP[-3]
You take 3 damage, and now have 62/81 hp.
You miss Prince Ribbit. Prince Ribbit misses you.
Prince Ribbit barely misses you.
You barely miss Prince Ribbit.
Prince Ribbit croaks regally.
Prince Ribbit hits you!
Prince Ribbit hits you but does no damage. 😮 HP[-8]
You take 8 damage, and now have 54/81 hp.
You miss Prince Ribbit. Prince Ribbit barely misses you.
You barely miss Prince Ribbit. Prince Ribbit barely misses you.
Prince Ribbit closely misses you.
You completely miss Prince Ribbit. Prince Ribbit misses you.
Prince Ribbit blinks! 😮 HP[+1]
You are too injured to fight recklessly!
You are no longer berserk.
You are exhausted.
You feel yourself slow down. 😮 HP[-19]
You now have 54 max hp (-27).
Your magical effects are unravelling.
You feel magically purged.
You feel yourself speed up. Prince Ribbit misses you. 😮 HP[+1]
You barely miss Prince Ribbit.
Prince Ribbit hits you but does no damage. x2
You miss Prince Ribbit. Prince Ribbit barely misses you. x2
Prince Ribbit closely misses you.
You barely miss Prince Ribbit. Prince Ribbit completely misses you.
Prince Ribbit closely misses you. 😮 HP[+1]
You closely miss Prince Ribbit. Prince Ribbit hits you.
Prince Ribbit sighs, "It's not easy being green!"
Prince Ribbit closely misses you. Prince Ribbit hits you!
* * * LOW HITPOINT WARNING * * *
😨 HP[-16]
You take 16 damage, and now have 22/54 hp.
MASSIVE DAMAGE!! (PAUSE)
You barely miss Prince Ribbit. Prince Ribbit barely misses you.
Prince Ribbit misses you.
You slash Prince Ribbit!
Prince Ribbit catches a millipede with his tongue.
Prince Ribbit hits you!
* * * LOW HITPOINT WARNING * * *
A demonic guardian appears!
Prince Ribbit barely misses you. Prince Ribbit misses you. 😱 HP[-12]
You take 12 damage, and now have 10/54 hp.
MASSIVE DAMAGE!! (PAUSE)
Press: ? - help, Shift-Dir - straight line, f/p - Prince Ribbit
Aim: Prince Ribbit (heavily wounded, ally target, chance to affect: 70%)
You fail to use your ability.
Prince Ribbit closely misses you.
Press: ? - help, Shift-Dir - straight line, f/p - Prince Ribbit
Aim: Prince Ribbit (heavily wounded, ally target, chance to affect: 70%) Prince Ribbit struggles to resist.
Your ufetubus misses Prince Ribbit. Your ufetubus hits Prince Ribbit.
Prince Ribbit barely misses your ufetubus.
Your ufetubus closely misses Prince Ribbit.
Your ufetubus barely misses Prince Ribbit. 😱 MP[-4]
You lost 4 mp, and now have 7/11 mp.
Unknown command.
Press: ? - help, Shift-Dir - straight line, f/p - Prince Ribbit
Aim: Prince Ribbit (severely wounded, ally target, chance to affect: 70%)
Okay, then.
You completely miss Prince Ribbit.
Prince Ribbit lets out a mournful croak.
Prince Ribbit hits you!
You die...

Skill      XL: |  1  2  3  4  5  6  7 |
---------------+----------------------+-----
Dodging        | 1 |  1.0
Polearms       | 2 3 4 5 |  5.3
Armour         | 2 3 |  3.9
Invocations    | 3 4 5 |  5.6
Fighting       | 4 |  4.9

Action                   |  1- 3 |  4- 6 |  7- 9 || total
-------------------------+-------+-------+-------++-------
Melee: Spear             |    58 |       |       ||    58
       Scythe            |    74 |   193 |   124 ||   391
Invok: Depart the Abyss  |     1 |       |       ||     1
       Banish            |       |       |     1 ||     1
Evoke: Wand              |     1 |       |       ||     1
  Use: Scroll            |     2 |     3 |     7 ||    12
       Potion            |       |       |     3 ||     3
 Stab: Sleeping          |     1 |       |       ||     1
       Distracted        |       |       |     1 ||     1
Armor: Leather armour    |    12 |       |       ||    12
       Chain mail        |    42 |    89 |       ||   131
       Ring mail         |       |     9 |    24 ||    33
Dodge: Dodged            |   122 |   202 |   145 ||   469

Levels and vault maps discovered:
D:1:      minmay_arrival_plants_in_alcoves, layout_basic, serial_shops, shop,
          hellmonk_ecumenical_altar_lost_god
D:2:      layout_basic, grunt_decor_resistance, serial_park_tiny_1, uniq_sigmund
D:3:      layout_rooms, grunt_decor_fettered, grunt_ministairs_7,
          guppyfry_early_lair_pool
D:4:      layout_loops_ring, marbit_many_paths, due_unseen_surprise
D:5:      wander_river, layout_rooms, minmay_temple_entry_nine_rooms
D:6:      layout_basic, serial_shops, nicolae_shop_waterfront, shop,
          nicolae_shop_behind_doors, shop, serial_glass, glass_columns_b,
          glass_columns_a, uniq_pikel, uniq_prince_ribbit1,
          uniq_crazy_yiuf_cottage, uniq_grinder

Notes
Turn   | Place    | Note
-------+----------+-------------------------------------------
     0 | Abyss:1  | spiderkeys the Demonspawn Abyssal Knight began the quest
                  | for the Orb.
     0 | Abyss:1  | Reached XP level 1. HP: 18/18 MP: 2/2
     0 | Abyss:1  | magus.rc [v1.9.10]
    64 | Abyss:2  | Found a blossoming altar of Fedhas.
    69 | Abyss:2  | Noticed a smoke demon
    76 | D:1      | You pass through the gate.
    76 | D:1      | Escaped the Abyss
   327 | D:1      | Reached skill level 1 in Dodging
   332 | D:1      | Reached * piety under Lugonu
   337 | D:1      | Reached skill level 2 in Polearms
   357 | D:1      | Found Lowylar's General Store.
   360 | D:1      | Gained mutation: You regenerate magic rapidly. [demonic
                  | ancestry]
   360 | D:1      | Reached XP level 2. HP: 23/24 MP: 4/4
   366 | D:1      | Reached skill level 2 in Armour
   586 | D:1      | Found a faded altar of an unknown god.
  1667 | D:2      | Reached skill level 3 in Invocations
  1667 | D:2      | Reached XP level 3. HP: 29/29 MP: 5/5
  1740 | D:2      | Noticed Sigmund
  1750 | D:2      | HP: 7/29 [Sigmund/+0 scythe (8)]
  1754 | D:2      | Killed Sigmund
  1755 | D:2      | Reached skill level 3 in Polearms
  1755 | D:2      | Reached skill level 4 in Invocations
  1755 | D:2      | Gained mutation: You have a pair of small antennae on your
                  | head. [demonic ancestry]
  1755 | D:2      | Reached XP level 4. HP: 10/37 MP: 5/7
  1755 | D:2      | Gained mutation: A weak demonic guardian rushes to your
                  | aid. [demonic ancestry]
  1755 | D:2      | Reached XP level 5. HP: 11/42 MP: 5/8
  2629 | D:2      | Reached skill level 4 in Fighting
  2979 | D:3      | You pick up a book of Flames and begin reading...
  2979 | D:3      | You add the spells Foxfire, Conjure Flame, Inner Flame,
                  | Sticky Flame and Fireball to your library.
  3021 | D:3      | Reached ** piety under Lugonu
  3180 | D:3      | Reached skill level 3 in Armour
  3180 | D:3      | Gained mutation: You have a pair of antennae on your head.
                  | [demonic ancestry]
  3180 | D:3      | Reached XP level 6. HP: 33/48 MP: 9/9
  3549 | D:4      | Reached skill level 4 in Polearms
  3733 | D:4      | Identified the +0 ring mail "Xirozy" {SInv}
  4061 | D:4      | Gained mutation: You are partially covered in razor-sharp
                  | scales. (AC +1, Slay +1) [demonic ancestry]
  4061 | D:4      | Reached XP level 7. HP: 50/55 MP: 10/10
  4172 | D:4      | Reached *** piety under Lugonu
  4268 | D:4      | Reached skill level 5 in Invocations
  4275 | D:4      | Found an opulent altar of Gozag.
  4306 | D:4      | Found the +7 Spriggan's Knife {stab, EV+4 Stlth+}
  4734 | D:5      | Entered Level 5 of the Dungeon
  4841 | D:5      | Reached skill level 5 in Polearms
  5048 | D:5      | Found a staircase to the Ecumenical Temple.
  5479 | D:6      | Noticed Pikel
  5813 | D:6      | HP: 11/52 [wight/+3 scimitar of freezing (4)]
  5820 | D:6      | HP: 8/78 [wight/+3 scimitar of freezing (10)]
  6123 | D:6      | Noticed Prince Ribbit
  6148 | D:6      | HP: 10/54 [Prince Ribbit (13)]
  6151 | D:6      | Slain by Prince Ribbit

Vanquished Creatures
  Sigmund (D:2)
  A lemure (D:5)
  2 ogres (D:4)
  A phantom (D:5)
  A scorpion (D:4)
  A wight (D:6)
  A bullfrog zombie (D:6)
  2 hounds
  An orc priest (D:3)
  2 iguanas (D:4)
  4 gnolls (D:5)
  6 adders
  A shadow imp (D:6)
  An adder skeleton (D:4)
  4 worms (D:2)
  3 dart slugs
  14 orcs
  5 endoplasms
  3 giant cockroaches
  5 goblins
  7 hobgoblins
  4 jackals (D:1)
  3 quokkas
  5 ball pythons
  9 bats
  5 frilled lizards
  6 kobolds
  2 rats (D:3)
100 creatures vanquished.

Vanquished Creatures (collateral kills)
  An orc (D:3)
  2 kobolds (D:3)
3 creatures vanquished.

Vanquished Creatures (others)
  A fungus (D:1)
1 creature vanquished.

Grand Total: 104 creatures vanquished

Table legend:
 A = Non-vault XP
 B = Vault XP
 C = Vault XP percentage of total XP
 D = Non-vault monster count
 E = Vault monster count
 F = Vault count percentage of total count
                 A         B        C        D         E       F
            +---------+---------+-------+---------+---------+-------
      Total |     908 |     342 |  27.4 |      98 |       4 |   3.9
            +---------+---------+-------+---------+---------+-------
        D:1 |      40 |       0 |   0.0 |      23 |       0 |   0.0
        D:2 |      81 |     227 |  73.7 |      21 |       1 |   4.5
        D:3 |      88 |       2 |   2.2 |      19 |       2 |   9.5
        D:4 |     369 |     113 |  23.4 |      24 |       1 |   4.0
        D:5 |     216 |       0 |   0.0 |       8 |       0 |   0.0
        D:6 |     114 |       0 |   0.0 |       3 |       0 |   0.0
            +---------+---------+-------+---------+---------+-------

Illustrated notes

Table legend:
 A = Kills in this place as a percentage of kills in entire the game.
 B = Kills by you in this place as a percentage of kills by you in the entire game.
 C = Kills by friends in this place as a percentage of kills by friends in the entire game.
 D = Other kills in this place as a percentage of other kills in the entire game.
 E = Experience gained in this place as a percentage of experience gained in the entire game.
 F = Experience gained in this place divided by the number of levels of this place that you have seen.
                   A       B       C       D       E      F
               +-------+-------+-------+-------+-------+----------------------
         Total | 100.0 | 100.0 | 100.0 |   N/A | 100.0 | 156.2
       Dungeon | 100.0 | 100.0 | 100.0 |   N/A | 100.0 | 208.3
               +-------+-------+-------+-------+-------+----------------------

Table legend: (Time is in decaauts)
 A = Elapsed time spent in this place.
 B = Non-inter-level travel time spent in this place.
 C = Inter-level travel time spent in this place.
 D = Time resting spent in this place.
 E = Time spent auto-exploring this place.
 F = Levels seen in this place.
 G = Mean time per level.
                   A        B        C        D        E       F      G
               +--------+--------+--------+--------+--------+-----+--------+
         Total |   6507 |   6226 |    281 |    694 |   4343 |   8 |  813.4 |
       Dungeon |   6432 |   6151 |    281 |    694 |   4315 |   6 | 1072.0 |
         Abyss |     75 |     75 |      0 |      0 |     28 |   2 |   37.5 |
               +--------+--------+--------+--------+--------+-----+--------+

Top non-repeatable levels by time:
     D:1: 1610 daAuts
     D:2: 1375 daAuts
     D:4: 1268 daAuts
     D:5: 991 daAuts
     D:3: 655 daAuts
     D:6: 530 daAuts
 Abyss:2: 39 daAuts
 Abyss:1: 36 daAuts
